 Dungeon Crawl Stone Soup version 0.30.1-11-g7821555f0a (webtiles) character file.

Game seed: 2881314061281300033

11167 PredatorCatcher the Shooter (level 11, -4/81 HPs)
             Began as a White Draconian Hunter on Dec 1, 2023.
             Was a High Priest of Ru.
             Slain by an orc knight
             ... wielding a +0 glaive
              (24 damage)
             ... on level 2 of the Orcish Mines.
             The game lasted 00:55:35 (10855 turns).

PredatorCatcher the Shooter (DrHu)                 Turns: 10855, Time: 00:55:35

Health: -4/81      AC:  9    Str: 16    XL:     11   Next: 45%
Magic:  3/17       EV: 19    Int: 12    God:    Ru [*****.]
Gold:   142        SH:  0    Dex: 14    Spells: 13/18 levels left

rFire   x . .        G - +4 great sword
rCold   . . .        (shield currently unavailable)
rNeg    . . .        (body armour unavailable)
rPois   .            (helmet restricted)
rElec   .            (no cloak)
rCorr   .            n - +1 pair of gloves
SInv    +            (no boots)
Will    .....        B - amulet of regeneration
Stlth   +++          c - ring of see invisible
HPRegen 1.13/turn    d - +5 ring of evasion
MPRegen 0.15/turn

%: no passive effects
@: exhausted, short of breath
A: breathe frost, AC +7, unfitting armour, cold resistance 1, cold-blooded,
hated by all, unskilled 1, temperature sensitive, horns 1, frail 1
a: Breathe Frost, Renounce Religion, Draw Out Power, Power Leap, Apocalypse


You were on level 2 of the Orcish Mines.
You worshipped Ru.
Ru was extremely pleased with you.
You visited 3 branches of the dungeon, and saw 13 of its levels.

You collected 937 gold pieces.
You spent 795 gold pieces at shops.

Inventory:

Hand Weapons
 G - a +4 great sword (weapon)
 L - a +0 arbalest
Missiles
 e - 6 silver boomerangs
 s - 2 atropa-tipped darts
 A - 7 boomerangs (quivered)
 F - 2 throwing nets
Armour
 n - a +1 pair of gloves (worn)
 r - a +1 cloak of poison resistance
Jewellery
 b - a ring of willpower
 c - a ring of see invisible (left hand)
 d - a +5 ring of evasion (right hand)
 y - a +6 ring of intelligence
 B - an amulet of regeneration (around neck)
 K - a ring of wizardry
Wands
 p - a wand of mindburst (30)
 q - a wand of roots (6)
 x - a wand of polymorph (4)
Scrolls
 a - a scroll of fear
 i - a scroll of magic mapping
 k - 3 scrolls of enchant armour {unknown}
 l - 2 scrolls of summoning {unknown}
 m - 3 scrolls of teleportation
 t - a scroll of vulnerability {unknown}
 v - a scroll of fog
 E - 2 scrolls of torment {unknown}
 I - a scroll of poison
Potions
 f - 3 potions of attraction {unknown}
 g - 2 potions of cancellation
 h - a potion of might
 j - 4 potions of curing
 o - 2 potions of brilliance {unknown}
 u - a potion of degeneration {unknown}
 w - a potion of heal wounds
 z - 3 potions of magic
 C - 4 potions of lignification
 H - 2 potions of ambrosia {unknown}
 J - a potion of flight {unknown}
Miscellaneous
 D - a piece from Xom's chessboard (14/15)


   Skills:
 * Level 6.6 Fighting
 * Level 1.4 Long Blades
 * Level 4.0(5.6) Polearms
 * Level 5.9(6.5) Staves
 * Level 7.8 Ranged Weapons
 * Level 3.4 Throwing
 * Level 5.2 Dodging
 * Level 4.5 Stealth
 * Level 4.1 Spellcasting
 * Level 0.9 Translocations
 * Level 3.1 Fire Magic
 * Level 1.0 Air Magic
 * Level 4.2 Evocations


You had 13 spell levels left.
You knew the following spells:

 Your Spells              Type           Power      Damage    Failure   Level
a - Scorch                Fire           20%        2d5       9%          2
b - Vhi's Electric Charg  Tloc/Air       8%         N/A       41%         3

Your spell library contained the following spells:

 Spells                   Type           Power      Damage    Failure   Level
 Apportation              Tloc           8%         N/A       16%         1
 Blink                    Tloc           8%         N/A       22%         2
 Lesser Beckoning         Tloc           8%         N/A       22%         2
 Momentum Strike          Conj/Tloc      6%         3d8       26%         2
 Sublimation of Blood     Necr           2%         N/A       32%         2
 Wereblood                Tmut           2%         N/A       32%         2
 Gell's Gravitas          Tloc           4%         N/A       41%         3
 Teleport Other           Tloc           4%         N/A       41%         3
 Hailstorm                Conj/Ice       2%         3d3       54%         3
 Flame Wave               Conj/Fire      6%         2d5       75%         4
 Ice Form                 Ice/Tmut       2%         N/A       91%         4
 Alistair's Intoxication  Tmut/Pois      1%         N/A       99%         5
 Arcjolt                  Conj/Air       1%         1d11      99%         5
 Maxwell's Capacitive Co  Air            2%         ∞         100%        8
 Simulacrum               Ice/Necr       Unusable   N/A       N/A         6
 Summon Cactus Giant      Summ           Unusable   N/A       N/A         6
 Summon Hydra             Summ           Unusable   N/A       N/A         7

Dungeon Overview and Level Annotations

Branches:
Dungeon (10/15)            Temple (1/1) D:5            Lair (0/5) D:9
    Orc (2/2) D:10
    Elf: Orc:2

Altars:
Ashenzari
Dithmenos
Elyvilon
Gozag
Kikubaaqudgha
Makhleb
Nemelex Xobeh
Okawaru
Qazlal
Ru
Sif Muna
Trog
Uskayaw
Vehumet
Wu Jian
Xom
Zin

Shops:
D:7 *   Orc:1 ?


Innate Abilities, Weirdness & Mutations

You can breathe waves of freezing cold which knock back foes.
Your icy white scales are hard. (AC +7)
You cannot fit into any form of body armour.
Your flesh is cold resistant. (rC+)
You are cold-blooded and may be slowed by cold attacks.
You are hated by all.
You are somewhat unskilled. (-1 Apt)
You are sensitive to extremes of temperature. (rF-, rC-)
You have a pair of small horns on your head.
You are frail. (-10% HP)


Message History

The orc knight struggles to resist.
The orc knight is no longer more vulnerable to fire.
The orc knight hits you with a +0 glaive.
* * * LOW HITPOINT WARNING * * *
Aiming: Mindburst
Press: ? - help, Shift-Dir - straight line, f/p - orc knight
Aim: an orc knight, wielding a +0 glaive and wearing a +0 plate armour (heavily wounded, chance to affect: 64%)
The orc knight struggles to resist.
An orc comes into view. It is wielding a +0 dagger.
Unknown command.
Aiming: Breathe Frost (3% risk of failure)
Press: ? - help, Shift-Dir - straight line, f/p - orc knight
Aim: an orc knight, wielding a +0 glaive and wearing a +0 plate armour (heavily wounded, 68% to hit)
You exhale a wave of freezing cold.
The freezing breath hits the orc knight.
The orc knight is severely wounded.
The orc knight is knocked back by the freezing wind.
The freezing breath hits the orc knight!
The orc knight is severely wounded.
The orc knight is knocked back by the freezing wind.
Unknown command.
Aiming: Mindburst
Press: ? - help, Shift-Dir - straight line, f - orc, p - orc knight
Aim: an orc, wielding a +0 dagger (strong, chance to affect: 90%)
The orc's mind is blasted!
You blow up the orc!
The orc knight roars a battlecry!
An orc wizard comes into view. It is wielding a +0 dagger.
You hit the orc warrior but do no damage.
The orc warrior is lightly wounded.
The orc warrior misses you.
The orc warrior hits you with a +0 scimitar!
* * * LOW HITPOINT WARNING * * *
You focus your inner power and blind the orc warrior in retribution!
An orc warrior comes into view. It is wielding a +0 halberd.
Really read the scroll of poison?
The air fills with toxic fumes!
As you read the scroll of poison, it crumbles to dust.
The orc knight hits you from afar with a +0 glaive!!
You die...

... # ..## .### ... ...##
###..# . ..
....####....### .. ..
#..##§#......# .o#.
#.§§§..§.....## . #.#...
##§##§§§......###
......###§§§§§§§.........
....o.o#@§§§§§§§.........
#oo§§§§§§§##.......
#§#o§§§§§§####......
§§§§§§§§§§§##........
.§§§.#§§#§§§§###.......
.§§§§§.§#§#§§§§§.....#...
#§§§#..####.§§§§.....#..#
^§§§... ##§§§§....#####
#.#.#.# #........# #


You could see an orc knight and 2 orc warriors.

Vanquished Creatures
  An orc knight (Orc:1)
  An orc sorcerer (Orc:2)
  Joseph (D:7)
  A komodo dragon (D:9)
  A queen bee (shapeshifter) (D:10)
  A hornet (shapeshifter) (D:9)
  A hornet (D:10)
  Sigmund (D:5)
  2 wyverns
  A shadow (D:10)
  12 yaks
  A basilisk (D:9)
  3 steam dragons (D:9)
  An acid dragon (D:9)
  2 water moccasins
  17 orc warriors
  A swamp drake (D:7)
  An ice beast (D:6)
  2 black bears
  2 sky beasts (D:6)
  2 centaurs
  2 phantoms
  3 kobold brigands
  4 bullfrogs
  3 gnoll sergeants
  A scorpion (D:5)
  8 wights
  13 killer bees
  An electric eel (D:7)
  5 howler monkeys
  4 hounds
  Crazy Yiuf (D:5)
  11 orc priests
  A jelly (D:5)
  2 gnoll boudas
  A sleepcap (D:6)
  Terence (D:2)
  2 iguanas (D:7)
  Natasha (thrice) (D:2)
  13 orc wizards
  4 adders
  22 gnolls
  A shadow imp (D:6)
  A white imp (D:6)
  5 ufetubi
  3 worms
  A dart slug (D:2)
  49 orcs
  7 ball pythons
  7 endoplasms
  2 giant cockroaches
  7 goblins
  2 hobgoblins
  4 jackals
  4 quokkas
  5 bats
  2 frilled lizards
  20 kobolds
  3 rats
283 creatures vanquished.

Vanquished Creatures (others)
  A yak (D:9)
  2 orc wizards
  An orc (Orc:2)
4 creatures vanquished.

Grand Total: 287 creatures vanquished

Notes
Turn   | Place    | Note
-------+----------+-------------------------------------------
     0 | D:1      | PredatorCatcher the Draconian Hunter began the quest for
                  | the Orb.
     0 | D:1      | Reached XP level 1. HP: 17/17 MP: 1/1
   170 | D:1      | Reached skill level 1 in Stealth
   170 | D:1      | Reached XP level 2. HP: 20/24 MP: 2/2
   193 | D:1      | Reached skill level 4 in Ranged Weapons
   230 | D:2      | Noticed Natasha
   249 | D:2      | Killed Natasha
   250 | D:2      | Reached XP level 3. HP: 4/30 MP: 3/3
   708 | D:3      | Reached XP level 4. HP: 37/37 MP: 3/5
   996 | D:4      | Reached skill level 5 in Ranged Weapons
   996 | D:4      | Reached skill level 1 in Spellcasting
  1184 | D:4      | Noticed an orc warrior
  1250 | D:4      | Reached XP level 5. HP: 30/44 MP: 6/6
  1390 | D:5      | Entered Level 5 of the Dungeon
  1395 | D:5      | Noticed Sigmund
  1854 | D:5      | Found a staircase to the Ecumenical Temple.
  1913 | Temple   | Entered the Ecumenical Temple
  2143 | Temple   | Became a worshipper of Ru the Awakened
  2207 | D:5      | Noticed a black bear
  2224 | D:5      | Killed a black bear
  2225 | D:5      | Reached XP level 6. HP: 46/51 MP: 6/8
  2430 | D:5      | Noticed a water moccasin
  2436 | D:5      | Killed Sigmund
  2437 | D:5      | Reached skill level 6 in Ranged Weapons
  2437 | D:5      | Reached skill level 1 in Evocations
  2437 | D:5      | Your scales start taking on an icy white colour.
  2437 | D:5      | Reached XP level 7. HP: 56/58 MP: 9/9
  2437 | D:5      | Gained mutation: Your flesh is cold resistant. (rC+) [White
                  | Draconian growth]
  2672 | D:5      | Learned a level 2 spell: Scorch
  3121 | D:5      | Found a runed translucent door.
  3122 | D:5      | Noticed Crazy Yiuf
  3132 | D:5      | Killed Crazy Yiuf
  3438 | D:4      | Reached XP level 8. HP: 66/66 MP: 11/11
  3444 | D:4      | Reached skill level 7 in Ranged Weapons
  3954 | D:3      | Gained mutation: You are hated by all. [Ru sacrifice]
  3954 | D:3      | Reached * piety under Ru
  3954 | D:3      | Reached ** piety under Ru
  4267 | D:2      | Noticed Natasha
  4270 | D:2      | Killed Natasha
  4342 | D:2      | Noticed Natasha
  4375 | D:2      | Noticed Terence
  4380 | D:2      | Killed Terence
  4433 | D:2      | Killed Natasha
  4434 | D:2      | Reached skill level 1 in Polearms
  4548 | D:2      | Reached skill level 1 in Staves
  5552 | D:7      | Reached skill level 1 in Fire Magic
  5618 | D:7      | Found Geadixem's Overcharged Wands.
  5721 | D:7      | Reached skill level 1 in Throwing
  5918 | D:8      | Reached skill level 5 in Fighting
  6126 | D:8      | Reached XP level 9. HP: 74/74 MP: 13/13
  6822 | D:9      | Gained mutation: You are somewhat unskilled. (-1 Apt) [Ru
                  | sacrifice]
  6822 | D:9      | Reached *** piety under Ru
  7211 | D:9      | Reached XP level 10. HP: 46/81 MP: 7/14
  7360 | D:10     | Entered Level 10 of the Dungeon
  7577 | D:10     | HP: 2/83 [orc warrior/+0 flail (4)]
  8172 | D:10     | Found a staircase to the Orcish Mines.
  8209 | D:10     | Gained mutation: You have a somewhat thin skeletal
                  | structure. (Dex +2, Stealth+) [potion of mutation]
  8209 | D:10     | Gained mutation: Your natural rate of healing is unusually
                  | fast. [potion of mutation]
  8210 | D:10     | Lost mutation: You have a somewhat thin skeletal structure.
                  | (Dex +2, Stealth+) [potion of mutation]
  8210 | D:10     | Lost mutation: Your natural rate of healing is unusually
                  | fast. [potion of mutation]
  8210 | D:10     | Gained mutation: You are frail. (-10% HP) [potion of
                  | mutation]
  8210 | D:10     | Gained mutation: You have a pair of small horns on your
                  | head. [potion of mutation]
  8421 | D:9      | Reached skill level 5 in Staves
  8470 | D:9      | Found a staircase to the Lair.
  8894 | D:8      | Reached skill level 5 in Dodging
  8916 | D:8      | Reached XP level 11. HP: 33/77 MP: 16/16
  9117 | D:8      | Found an opulent altar of Gozag.
  9349 | D:7      | Noticed Joseph
  9354 | D:7      | Gained mutation: You are sensitive to extremes of
                  | temperature. (rF-, rC-) [Ru sacrifice]
  9354 | D:7      | Reached **** piety under Ru
  9354 | D:7      | Reached ***** piety under Ru
  9373 | D:7      | Killed Joseph
  9777 | D:7      | Bought a wand of mindburst (30) for 630 gold pieces
  9830 | D:6      | Learned a level 3 spell: Vhi's Electric Charge
 10252 | D:6      | You fall into a shaft and drop 1 floor!
 10576 | Orc:1    | Entered Level 1 of the Orcish Mines
 10576 | Orc:1    | Noticed an orc knight
 10576 | Orc:1    | Found Puat's Magic Scroll Emporium.
 10589 | Orc:1    | Killed an orc knight
 10644 | Orc:1    | Bought a scroll of poison for 60 gold pieces
 10644 | Orc:1    | Bought a scroll of fear for 60 gold pieces
 10644 | Orc:1    | Bought a scroll of teleportation for 45 gold pieces
 10742 | Orc:2    | Entered Level 2 of the Orcish Mines
 10807 | Orc:2    | Reached skill level 1 in Long Blades
 10813 | Orc:2    | Noticed an orc sorcerer
 10828 | Orc:2    | Killed an orc sorcerer
 10829 | Orc:2    | Reached skill level 1 in Air Magic
 10833 | Orc:2    | Noticed an orc knight
 10855 | Orc:2    | Slain by an orc knight

Illustrated notes

Levels and vault maps discovered:
D:1:      noname_arrival_rooms_in_the_neighbourhood, layout_basic
D:2:      layout_basic, uniq_terence, uniq_natasha
D:3:      layout_basic
D:4:      layout_cave_pods, minmay_misc_feat_room, nicolae_nh_ransacked_shop
D:5:      layout_basic, temple_pool_b, kennysheep_generic_room_14,
          uniq_crazy_yiuf_cottage, uniq_sigmund
D:6:      layout_rooms, minmay_misc_feat_x, kennysheep_flooded_box
D:7:      layout_basic, nicolae_water_bricks, nicolae_shop_overcharged_wands,
          uniq_joseph
D:8:      layout_cave_pools, kennysheep_little_box, serial_bayou_pond_e,
          kennysheep_path_1
D:9:      cheibrodos_steamvent, layout_irregular_city, erik_lair_dragon,
          chequers_serial_rivers_room_b
D:10:     layout_cave_pools, david_orc_4, st_stairs_11, minmay_crystal_water
Temple:   roderic_octagonal_lattice_temple
Orc:1:    layout_diamond_mine, serial_shops, shop
Orc:2:    st_orc_congregation, layout_diamond_mine, nicolae_shop_vocational

Skill      XL: |  1  2  3  4  5  6  7  8  9 10 11 |
---------------+----------------------------------+-----
Stealth        | 1 2 3 4 |  4.5
Ranged Weapons | 4 5 6 7 |  7.8
Dodging        | 2 3 4 5 |  5.2
Spellcasting   | 1 2 3 4 |  4.1
Fighting       | 3 4 5 6 |  6.6
Evocations     | 1 2 3 4 |  4.2
Polearms       | 1 2 3 4 |  4.0
Staves         | 2 4 5 |  5.9
Fire Magic     | 1 2 3 |  3.1
Throwing       | 1 2 3 |  3.4
Long Blades    | 1 |  1.4
Air Magic      | 1 |  1.0
Translocations | |  0.9

Action                     |  1- 3 |  4- 6 |  7- 9 | 10-12 || total
---------------------------+-------+-------+-------+-------++-------
  Melee: Glaive            |       |       |    14 |       ||    14
         Shortbow          |       |       |     2 |       ||     2
         Tailslap          |       |       |     9 |    33 ||    42
         Quarterstaff      |       |       |    73 |   168 ||   241
         Headbutt          |       |       |       |    24 ||    24
         Great sword       |       |       |       |    50 ||    50
   Fire: Shortbow          |    84 |   179 |    93 |    23 ||   379
         Arbalest          |       |       |       |     4 ||     4
  Throw: Dart              |       |       |    14 |     8 ||    22
         Boomerang         |       |       |       |    18 ||    18
   Cast: Scorch            |       |       |     3 |    17 ||    20
 Invoke: Sacrifice Love    |       |       |     1 |       ||     1
         Sacrifice Skill   |       |       |     1 |       ||     1
         Power Leap        |       |       |       |     5 ||     5
         Apocalypse        |       |       |       |     1 ||     1
         Sacrifice Resista |       |       |       |     1 ||     1
Ability: Breathe Frost     |       |       |    39 |    31 ||    70
  Evoke: Wand              |       |     5 |    21 |    22 ||    48
         Piece from Xom's  |       |       |       |     2 ||     2
    Use: Scroll            |     5 |     5 |     6 |     7 ||    23
         Potion            |       |     2 |     2 |     9 ||    13
   Stab: Invisible         |       |       |     1 |     3 ||     4
         Paralysed         |       |       |       |     7 ||     7
         Distracted        |       |       |       |     1 ||     1
         Confused          |       |       |       |     1 ||     1
         Sleeping          |       |       |       |     1 ||     1
 Armour: Skin              |     7 |    29 |    53 |    59 ||   148
  Dodge: Dodged            |    43 |   172 |   171 |   323 ||   709
